 Dungeon Crawl Stone Soup version 0.14-a0-519-g334afa2 (webtiles) character file.

446 LostMyPassword the Archer (level 6, 0/48 HPs)
             Began as a Centaur Hunter on Nov 1, 2013.
             Was an Initiate of Okawaru.
             Slain by a hound (2 damage)
             ... on Level 3 of the Dungeon.
             The game lasted 00:17:38 (4333 turns).

LostMyPassword the Archer (Centaur Hunter)          Turns: 4333, Time: 00:17:39

HP   0/48        AC  5     Str 14      XL: 6   Next:  5%
MP   4/4         EV  7     Int 10      God: Okawaru [......]
Gold 168         SH  0     Dex 12      Spells:  0 memorised,  5 levels left

Res.Fire  : . . .   See Invis. : .   b - +1 bow
Res.Cold  : . . .   Warding    : .   y - +0 ring mail
Life Prot.: . . .   Conserve   : .   (no shield)
Res.Poison: .       Res.Corr.  : .   (no helmet)
Res.Elec. : .       Clarity    : .   (no cloak)
Sust.Abil.: . .     Spirit.Shd : .   (no gloves)
Res.Mut.  : .       Stasis     : .   (no barding)
Res.Rott. : .       Flight     : .   (no amulet)
Saprovore : . . .                    (no ring)
                                     (no ring)

@: very quick, slightly resistant to hostile enchantments, extremely unstealthy
A: hooves 3, deformed body, herbivore 1, speed 2, fast metabolism 1, tough skin
3
a: Renounce Religion


You were on level 3 of the Dungeon.
You worshipped Okawaru.
Okawaru was noncommittal.
You were not hungry.

You visited 1 branch of the dungeon, and saw 4 of its levels.

You collected 168 gold pieces.

Inventory:

Hand weapons
 a - a +0,+0 short sword
 b - a +1,+1 bow (weapon)
Missiles
 c - 12 arrows (quivered)
 w - 9 arrows of dispersal
Armour
 y - a +0 ring mail (worn)
Magical devices
 B - a wand of hasting (3)
Comestibles
 f - 5 bread rations
 C - 2 apples
 D - a pear
Scrolls
 e - a scroll of enchant weapon I {unknown}
 g - 2 scrolls of amnesia {unknown}
 i - 2 scrolls of curse weapon {unknown}
 k - 2 scrolls of fear {unknown}
 l - 5 scrolls of remove curse {unknown}
 m - a scroll of blinking {unknown}
 n - 4 scrolls of noise {unknown}
 p - a scroll of teleportation {unknown}
 q - a scroll of fog {unknown}
 t - a scroll of identify {unknown}
 u - 3 scrolls of enchant weapon II {unknown}
 v - 3 scrolls of curse armour {unknown}
 x - 2 scrolls of enchant armour {unknown}
Potions
 d - a potion of poison {unknown}
 h - 2 potions of curing {unknown}
 j - a potion of mutation {unknown}
 o - a potion of brilliance {unknown}
 r - a potion of resistance {unknown}
 s - a potion of flight {unknown}
 z - a potion of heal wounds {unknown}
 A - a potion of speed {unknown}


   Skills:
 - Level 1.0 Fighting
 + Level 9.6 Bows
 - Level 1.3 Dodging
 - Level 0.5 Stealth


You had 5 spell levels left.
You didn't know any spells.

Dungeon Overview and Level Annotations

Branches:
Dungeon (4/27)
 Temple: D:4-7

Altars:
Ashenzari
Kikubaaqudgha
Nemelex Xobeh
Okawaru
Trog
Vehumet
Zin


Innate Abilities, Weirdness & Mutations

You have hooves in place of feet.
Armour fits poorly on your strangely shaped body.
You digest meat inefficiently.
You cover ground very quickly.
You have a fast metabolism.
You have extremely tough skin (AC +3).


Message History

* * * LOW HITPOINT WARNING * * *
Firing (i - inventory. (,) - cycle):
c - 15 arrows (quivered)
Press: ? - help, Shift-Dir - straight line, f/p - hound
Aim: a hound (lightly wounded)
You shoot an arrow. The arrow hits the hound.
The hound is lightly wounded.
The hound completely misses you.
Firing (i - inventory. (,) - cycle):
c - 14 arrows (quivered)
Press: ? - help, Shift-Dir - straight line, f/p - hound
Aim: a hound (lightly wounded)
You shoot an arrow. The arrow misses the hound.
The hound bites you.
* * * LOW HITPOINT WARNING * * *
The hound bites you but does no damage.
Firing (i - inventory. (,) - cycle):
c - 13 arrows (quivered)
Press: ? - help, Shift-Dir - straight line, f/p - hound
Aim: a hound (lightly wounded)
You shoot an arrow. The arrow hits the hound.
The hound is moderately wounded.
The hound bites you.
You die...

#############
#....(#.....#
#...h.#.....# ##### #####
#..@..'.....# #...#
#...####.....#.....#
#...###...##.#.....#.....#
#............#########'###
##.########........#.....#
#.# #........#.....# #.#
#........'.....# ##.#
##.#.....#.....# ...#
#.......#.....#


You could see a hound.

Vanquished Creatures
  An ogre (D:3)
  The ghost of Yllodra the Cutter, a weakling SpEn of Nemelex Xobeh (D:3)
  An iguana (D:4)
  7 adders
  A giant mite (D:2)
  A worm (D:3)
  An orc (D:3)
  5 giant cockroaches
  5 hobgoblins
  8 kobolds
  2 ball pythons (D:1)
  13 bats
  5 giant geckos
  A giant gecko skeleton (D:4)
  A giant newt (D:4)
  9 goblins
  7 rats
69 creatures vanquished.

Notes
Turn   | Place    | Note
--------------------------------------------------------------
     0 | D:1      | LostMyPassword, the Centaur Hunter, began the quest for the Orb.
     0 | D:1      | Reached XP level 1. HP: 17/17 MP: 0/0
   384 | D:1      | Reached XP level 2. HP: 7/24 MP: 1/1
   606 | D:1      | Reached skill level 6 in Bows
  1337 | D:1      | Reached XP level 3. HP: 14/29 MP: 2/2
  1692 | D:2      | Found a glowing silver altar of Zin.
  2107 | D:2      | Reached skill level 7 in Bows
  2363 | D:2      | Found an iron altar of Okawaru.
  2363 | D:2      | Found a bloodstained altar of Trog.
  2556 | D:2      | Became a worshipper of Warmaster Okawaru
  2911 | D:2      | Found an ancient bone altar of Kikubaaqudgha.
  2911 | D:2      | Found a sparkling altar of Nemelex Xobeh.
  2912 | D:2      | Found a radiant altar of Vehumet.
  3035 | D:3      | Reached XP level 4. HP: 22/36 MP: 2/2
  3164 | D:3      | Noticed Yllodra's ghost (weakling SpEn)
  3176 | D:3      | Killed Yllodra's ghost
  3176 | D:3      | Reached skill level 8 in Bows
  3256 | D:3      | Noticed an ogre
  3261 | D:3      | Killed an ogre
  3261 | D:3      | Reached XP level 5. HP: 41/41 MP: 3/3
  3365 | D:3      | Reached skill level 9 in Bows
  3818 | D:4      | Found a shattered altar of Ashenzari.
  3913 | D:4      | Reached XP level 6. HP: 26/48 MP: 4/4
  4332 | D:3      | HP: 2/48 [hound (2)]
  4333 | D:3      | Slain by a hound

Action                   |  1- 3 |  4- 6 || total
-------------------------+-------+-------++-------
Melee: Short sword       |   167 |    75 ||   242
 Fire: Bow               |     9 |    20 ||    29
Evoke: Wand              |       |     1 ||     1
